 Dungeon Crawl Stone Soup version 0.24.0-37-gcf1ca852f1 (webtiles) character file.

Game seed: 4778927446895522003, levelgen mode: deterministic

775 Descartes the Skirmisher (level 8, -5/63 HPs)
             Began as a Formicid Abyssal Knight on Nov 23, 2019.
             Was a Believer of Lugonu.
             Slain by a mummy (6 damage)
             ... in an ossuary.
             The game lasted 00:08:36 (4072 turns).

Descartes the Skirmisher (Formicid Abyssal Knight)  Turns: 4072, Time: 00:08:36

Health: -5/63      AC:  9    Str: 18    XL:     8   Next: 10%
Magic:  0/11       EV: 11    Int: 15    God:    Lugonu [**....]
Gold:   219        SH:  0    Dex: 10    Spells: 10/10 levels left

rFire    . . .     SeeInvis +   F - +0 war axe
rCold    . . .     Gourm    .   (no shield)
rNeg     . . .     Faith    .   I - +3 ring mail
rPois    .         Spirit   +   (helmet unavailable)
rElec    .         Reflect  .   (no cloak)
rCorr    .         Harm     .   (no gloves)
MR       .....                  (no boots)
Stlth    ..........             E - amulet of guardian spirit
HPRegen  0.20/turn              t - +2 ring of intelligence
MPRegen  0.12/turn              (no ring)

@: marked
A: permanent stasis, dig shafts and tunnels, four strong arms, antennae 3
a: Dig, Shaft Self, Depart the Abyss, Bend Space, Renounce Religion


You were in an ossuary.
You worshipped Lugonu.
Lugonu was pleased with you.
You were not hungry.

You visited 1 branch of the dungeon, and saw 4 of its levels.
You visited the Abyss 1 time.
You also visited: Ossuary.

You collected 219 gold pieces.

Inventory:

Hand Weapons
 a - a +1 hand axe
 D - a +1 whip of venom
 F - a +0 war axe (weapon)
Missiles
 f - 2 boomerangs (quivered)
 g - 70 sling bullets
 l - 75 stones
 p - 45 arrows
 u - 17 bolts
 z - 3 large rocks
Armour
 b - a +0 leather armour
 m - a +0 chain mail
 I - a +3 ring mail (worn)
Jewellery
 t - a +2 ring of intelligence (left hand)
 E - an amulet of guardian spirit (around neck)
Scrolls
 d - 3 scrolls of identify
 i - 2 scrolls of remove curse
 j - a scroll of amnesia {unknown}
 o - a scroll of magic mapping
 s - a scroll of enchant armour {unknown}
 w - 3 scrolls of teleportation {unknown}
 y - 2 scrolls of fear {unknown}
 A - a scroll of immolation {unknown}
Potions
 e - a potion of resistance {unknown}
 h - a potion of flight {unknown}
 k - a potion of degeneration {unknown}
 n - a potion of mutation {unknown}
 q - a potion of magic
 r - 2 potions of might {unknown}
 v - 2 potions of curing {unknown}
 x - a potion of lignification {unknown}
 B - a potion of brilliance {unknown}
 G - 2 potions of heal wounds {unknown}
 H - 2 potions of haste {unknown}
Comestibles
 c - 7 rations


   Skills:
 + Level 5.5 Fighting
 + Level 4.0 Axes
 + Level 4.5 Armour
 + Level 3.1 Dodging
 + Level 1.5 Spellcasting
 + Level 4.7 Invocations


You had 10 spell levels left.
You didn't know any spells.
Your spell library was empty.

Dungeon Overview and Level Annotations

Branches:
Dungeon (4/15)            Ossuary (1/1)
 Temple: D:4-7

Altars:
Cheibriados
Gozag
Hepliaklqana
Sif Muna
Uskayaw
Wu Jian
Zin
The Shining One


Innate Abilities, Weirdness & Mutations

You cannot be hasted, slowed, berserked, paralysed or teleported.
You can dig through walls and to a lower floor.
Your four strong arms can wield two-handed weapons with a shield.
You have a pair of large antennae on your head. (SInv)


Message History

The mummy hits you.
* * * LOW HITPOINT WARNING * * *
The mummy hits you but does no damage. x2
You slash the mummy!
The mummy is severely damaged.
You hit the mummy. You slash the mummy! The mummy misses you.
Magic courses through your body. The mummy hits you!
* * * LOW HITPOINT WARNING * * *
The mummy barely misses you.
You hit the mummy but do no damage.
The mummy is moderately damaged.
You hit the mummy. x2; The mummy closely misses you.
The mummy hits you!
* * * LOW HITPOINT WARNING * * *
The mummy barely misses you. Magic courses through your body.
The mummy hits you.
You hit the mummy.
The mummy is heavily damaged.
You hit the mummy but do no damage. You closely miss the mummy.
The mummy hits you!
You die...

#.^.....#
#.^^..#
#^....#
#.....#
#..∩..#
#.....#
#..∩..#
#....M#
#...M@#
#...M.#
#.....#
##...##
#####


You could see 3 mummies.

Vanquished Creatures
  Sigmund (D:3)
  An ogre (D:4)
  A scorpion (D:3)
  A howler monkey (D:4)
  An orc priest (D:3)
  An orc wizard (D:3)
  A hound (D:4)
  Natasha (thrice) (D:3)
  An iguana (D:3)
  4 big kobold zombies (Ossuary)
  3 mummies (Ossuary)
  5 adders
  5 worms
  A dart slug (D:2)
  A leopard gecko (D:2)
  4 orcs (D:3)
  3 giant cockroaches
  6 goblins
  10 hobgoblins
  14 jackals
  2 quokkas
  A ball python (D:3)
  8 bats
  7 frilled lizards
  2 hobgoblin zombies (Ossuary)
  5 kobolds
  A quokka skeleton (D:4)
  6 rats
99 creatures vanquished.

Notes
Turn   | Place    | Note
-------+----------+-------------------------------------------
     0 | Abyss:1  | Descartes the Formicid Abyssal Knight began the quest for
                  | the Orb.
     0 | Abyss:1  | Reached XP level 1. HP: 18/18 MP: 2/2
     8 | Abyss:1  | Found a corrupted altar of Lugonu.
   144 | D:1      | Escaped the Abyss
   220 | D:1      | Reached XP level 2. HP: 16/25 MP: 3/3
   411 | D:1      | Reached skill level 1 in Dodging
   446 | D:1      | Reached * piety under Lugonu
   814 | D:2      | Reached XP level 3. HP: 30/30 MP: 4/4
   886 | D:2      | Found a shimmering blue altar of Sif Muna.
   952 | D:2      | Reached skill level 4 in Fighting
  1145 | D:2      | Found a hazy altar of Hepliaklqana.
  1157 | D:2      | Reached XP level 4. HP: 28/37 MP: 5/5
  1593 | D:3      | Reached XP level 5. HP: 8/42 MP: 7/7
  1746 | D:3      | Noticed Natasha
  1759 | D:3      | Killed Natasha
  2076 | D:3      | Reached ** piety under Lugonu
  2109 | D:3      | Noticed Natasha
  2124 | D:3      | Killed Natasha
  2131 | D:3      | Found an opulent altar of Gozag.
  2154 | D:3      | Noticed Natasha
  2161 | D:3      | Killed Natasha
  2161 | D:3      | Reached XP level 6. HP: 40/49 MP: 8/8
  2481 | D:3      | Noticed Sigmund
  2498 | D:3      | Killed Sigmund
  2498 | D:3      | Reached skill level 5 in Fighting
  2498 | D:3      | Reached XP level 7. HP: 18/56 MP: 8/10
  2509 | D:3      | Found a hide-covered altar of Uskayaw.
  2986 | D:3      | Found a glowing golden altar of the Shining One.
  3122 | D:4      | Found a snail-covered altar of Cheibriados.
  3284 | D:4      | Found an ornate altar of the Wu Jian Council.
  3285 | D:4      | Found a glowing silver altar of Zin.
  3322 | D:4      | Reached skill level 1 in Spellcasting
  3746 | D:4      | Found a sand-covered staircase.
  3751 | Ossuary  | Entered an ossuary
  4049 | Ossuary  | Reached XP level 8. HP: 48/63 MP: 8/11
  4070 | Ossuary  | HP: 1/63 [mummy (3)]
  4072 | Ossuary  | Slain by a mummy

Levels and vault maps discovered:
D:1:      scummos_arrival_simple_crosswalls, layout_basic
D:2:      layout_loops_cross, old_standard_altar, lemuel_crystal_altar
D:3:      layout_basic, overflow_temple_1_default,
          nicolae_tso_swordbearing_angel, grunt_gozag_breadcrumbs, first_ration,
          uniq_sigmund, uniq_natasha
D:4:      minmay_skewed_foursquare, layout_layer_cave,
          gammafunk_temple_overflow_statue, lemuel_doored_altar,
          enter_ossuary_2, grunt_ministairs_9, minmay_misc_feat_room,
          serial_bayou_ford_a
Ossuary:  ossuary_the_hunt_dpeg

Skill      XL: |  1  2  3  4  5  6  7  8 |
---------------+-------------------------+-----
Dodging        | 1 2 3 |  3.1
Fighting       | 4 5 |  5.5
Armour         | 3 4 |  4.5
Invocations    | 3 4 |  4.7
Axes           | 3 4 |  4.0
Spellcasting   | 1 |  1.5

Action                   |  1- 3 |  4- 6 |  7- 9 || total
-------------------------+-------+-------+-------++-------
Melee: Hand axe          |   121 |   171 |       ||   292
       War axe           |       |       |    95 ||    95
Invok: Depart the Abyss  |     1 |       |       ||     1
 Abil: Dig               |     2 |     1 |     1 ||     4
  Use: Scroll            |       |       |     3 ||     3
       Potion            |       |       |     2 ||     2
  Eat: Chunk             |     1 |     5 |     2 ||     8
       Ration            |       |       |     1 ||     1
Armor: Leather armour    |     7 |       |       ||     7
       Chain mail        |    69 |    86 |    42 ||   197
       Ring mail         |       |       |    32 ||    32
Dodge: Dodged            |    69 |    74 |    79 ||   222
